 Dungeon Crawl Stone Soup version 0.31-a0-1336-g7fd7ca34b5 (webtiles) character file.

Game seed: 14841014304355516389

14844 blat the Spear-Bearer (level 11, -6/89 HPs)
             Began as a Demonspawn Berserker on Dec 21, 2023.
             Was a High Priest of Trog.
             Mangled by an orc knight
             ... wielding a +0 long sword
              (12 damage)
             ... on level 1 of the Orcish Mines.
             The game lasted 01:05:51 (13678 turns).

blat the Spear-Bearer (Demonspawn Berserker)       Turns: 13678, Time: 01:05:51

Health: -6/89      AC: 21    Str: 19    XL:     11   Next: 94%
Magic:  11/11      EV: 13    Int:  8    God:    Trog [*****.]
Gold:   1420       SH:  0    Dex: 24    Spells: 10/10 levels left

rFire   . . .        M - +5 spear of Guile {heavy, rN+}
rCold   + . .        (no shield)
rNeg    + . .        n - +7 chain mail {ponderous}
rPois   +            (helmet restricted)
rElec   .            (no cloak)
rCorr   .            A - +0 pair of gloves
SInv    .            L - +0 pair of boots
Will    .....        g - amulet of the acrobat
Stlth   +            o - ring of Conformity {rPois Dex+3}
HPRegen 0.34/turn    v - +6 ring of dexterity
MPRegen 0.12/turn

%: acrobat
@: mighty, about to teleport, slow
A: horns 1, icy blue scales 3, foul stench 1, powered by pain 2, deformed body,
wild magic 2, sturdy frame 1
a: Renounce Religion, Berserk, Trog's Hand, Brothers in Arms


You were on level 1 of the Orcish Mines.
You worshipped Trog.
Trog was extremely pleased with you.
You visited 3 branches of the dungeon, and saw 14 of its levels.

You collected 1585 gold pieces.
You spent 165 gold pieces at shops.

Inventory:

Hand Weapons
 x - a +2 heavy spear
 M - the +5 spear of Guile (weapon) {heavy, rN+}
   (Trog gifted it to you on level 1 of the Orcish Mines)

   rN+:       It protects you from negative energy.
Missiles
 h - 4 throwing nets
Armour
 n - a +7 chain mail of ponderousness (worn)
 w - a +3 scale mail of fire resistance
 A - a +0 pair of gloves (worn)
 E - the +1 chain mail of Xom's Benevolence {rC+ Int+3 Dex+3}
   (You found it on level 10 of the Dungeon)

   Int+3:     It affects your intelligence (+3).
   Dex+3:     It affects your dexterity (+3).
   rC+:       It protects you from cold.
 F - the -1 pair of gloves "Veipn" {*Corrode +Blink SInv Stlth+}
   (You found it on level 10 of the Dungeon)

   SInv:      It lets you see invisible.
   +Blink:    It lets you blink.
   *Corrode:  It may corrode you when you take damage.
   Stlth+:    It makes you more stealthy.
 L - a +0 pair of boots (worn)
Jewellery
 g - an amulet of the acrobat (around neck)
 o - the ring of Conformity (left hand) {rPois Dex+3}
   (You acquired it on level 4 of the Dungeon)

   [ring of poison resistance]

   Dex+3:     It affects your dexterity (+3).
   rPois:     It protects you from poison
 p - a ring of protection from fire
 u - an amulet of magic regeneration
 v - a +6 ring of dexterity (right hand)
 y - a ring of magical power
 z - a ring of protection from fire
 C - an amulet of magic regeneration
 J - a +6 ring of intelligence
Wands
 a - a wand of charming (4)
 d - a wand of flame (14)
 i - a wand of acid (23)
 H - a wand of digging (5)
 I - a wand of polymorph (8)
Scrolls
 b - 2 scrolls of vulnerability
 e - a scroll of revelation
 l - 3 scrolls of fear
 m - a scroll of poison
 q - 5 scrolls of teleportation
 s - 4 scrolls of immolation
 G - 4 scrolls of identify
Potions
 c - a potion of invisibility
 f - 2 potions of might
 k - a potion of brilliance
 r - a potion of magic
 t - 2 potions of attraction
 B - 2 potions of resistance
 D - a potion of berserk rage {unknown}
 K - a potion of enlightenment


   Skills:
 + Level 9.3 Fighting
 + Level 11.6 Polearms
 + Level 9.5 Armour
 * Level 6.4 Dodging
 + Level 2.4 Stealth


You had 10 spell levels left.
You didn't know any spells.
Your spell library was empty.

Dungeon Overview and Level Annotations

Branches:
Dungeon (11/15)            Temple (0/1) D:6            Lair (1/5) D:8
    Orc (2/2) D:10
    Elf: Orc:2

Altars:
Ashenzari
Cheibriados
Hepliaklqana
Makhleb
Ru
Sif Muna
Trog
Uskayaw
Wu Jian
Xom

Shops:
D:3 *   D:6 *   D:7 (   D:8 :

Annotations:
D:5 2 transporters
Orc:2 Azrael


Innate Abilities, Weirdness & Mutations

You have a pair of small horns on your head.
You are completely covered in icy blue scales. (AC +4, rC+)
You may rarely emit foul miasma when damaged in melee.
You sometimes gain power by taking damage.
Armour fits poorly on your strangely shaped body.
Your spells are harder to cast, but more powerful.
Your movements are slightly less encumbered by armour. (ER -2)


Message History

The ogre is moderately wounded.
The ogre hits you with a +0 giant club!
You puncture the ogre! Your headbutt misses the ogre.
The ogre is severely wounded.
You impale the ogre!!
You kill the ogre!
Trog accepts your kill.
You climb downwards.
Level annotation: Azrael The ogre shouts!
You hear a bark!
The orc knight roars a battlecry!
The orcs go into a battle-frenzy!
The orc warrior hits you with a +0 flail!
You emit a cloud of foul miasma!
The orc knight closely misses you.
There is a stone staircase leading up here.
The orc knight closely misses you.
The orc knight roars a battlecry!
The orc knight goes into a battle-frenzy!
The orc warrior is engulfed in dark miasma.
The orc warrior is poisoned.
The orc warrior barely misses you.
You climb upwards.
There is a stone staircase leading down, spattered with blood here.
You feel very mighty all of a sudden.
The orc knight hits you but does no damage.
The orc knight hits you with a +0 long sword!!
* * * LOW HITPOINT WARNING * * *
The orc warrior hits you with a +0 flail.
* * * LOW HITPOINT WARNING * * *
Unknown command.
Okay, then.
As you read the scroll of teleportation, it crumbles to dust.
You feel strangely unstable.
The orc knight hits you but does no damage.
The orc knight closely misses you. The orc warrior closely misses you.
You puncture the orc knight!
The orc knight is moderately wounded.
The orc knight hits you with a +0 long sword!
* * * LOW HITPOINT WARNING * * *
The orc knight hits you with a +0 long sword!
You die...

.).......#.........#...##
[........#...#..........#
.....##.#..............##
.....###......#......#.##
......##.....#..........#
.......#....#...........#
......##.............#.##
.##.#####........)....##
.######.........@o....##
........#.......oo.....#
.##.##.##..............#
..######...............#
...# ##..##...#......#
#.## ##########.##.## ###
######


You could see 2 orc knights and an orc warrior (strong, poisoned).

Vanquished Creatures
  Harold (D:11)
  A two-headed ogre (D:11)
  Lodul (D:10)
  2 orc sorcerers
  A cyclops (D:10)
  An elephant (D:8)
  A hornet (D:7)
  5 blink frogs
  2 fire elementals
  2 wyverns (D:9)
  12 yaks
  A basilisk (D:8)
  2 wargs (Orc:1)
  4 vampire mosquitoes
  A hell hound (Orc:2)
  4 acid dragons
  3 water moccasins (D:8)
  7 orc warriors
  2 black bears
  2 ice beasts
  A sky beast (D:8)
  13 ogres
  10 wolves
  5 centaurs
  2 phantoms
  3 kobold brigands
  2 gnoll sergeants (D:8)
  4 bullfrogs
  2 scorpions
  4 wights (D:7)
  9 killer bees
  5 howler monkeys
  A jelly (D:7)
  8 hounds
  An iron imp (D:4)
  9 orc priests
  3 gnoll boudas (D:8)
  A sleepcap (D:7)
  2 iguanas
  14 orc wizards
  5 adders
  28 gnolls
  A white imp (D:6)
  A worm (D:2)
  3 dart slugs
  53 orcs
  9 ball pythons
  6 bats
  7 endoplasms
  A giant cockroach (D:3)
  6 goblins
  5 hobgoblins
  17 jackals
  2 quokkas
  3 frilled lizards
  22 kobolds
  6 rats
329 creatures vanquished.

Vanquished Creatures (others)
  A hobgoblin (D:3)
1 creature vanquished.

Grand Total: 330 creatures vanquished

Notes
Turn   | Place    | Note
-------+----------+-------------------------------------------
     0 | D:1      | blat the Demonspawn Berserker began the quest for the Orb.
     0 | D:1      | Reached XP level 1. HP: 18/18 MP: 1/1
   127 | D:1      | Gained mutation: You sometimes gain a little power by
                  | taking damage. [demonic ancestry]
   127 | D:1      | Reached XP level 2. HP: 24/24 MP: 2/2
   130 | D:1      | Reached skill level 3 in Polearms
   407 | D:1      | Gained mutation: You are partially covered in icy blue
                  | scales. (AC +2) [demonic ancestry]
   407 | D:1      | Reached XP level 3. HP: 26/29 MP: 3/3
   773 | D:2      | Reached ** piety under Trog
   797 | D:2      | Found a hide-covered altar of Uskayaw.
  1022 | D:2      | Reached XP level 4. HP: 7/36 MP: 4/4
  1542 | D:3      | Found a broken altar of Ashenzari.
  1732 | D:3      | Found a faded altar of an unknown god.
  2079 | D:3      | Found Urphiogu's General Store.
  2084 | D:3      | Bought a +7 chain mail of ponderousness for 165 gold pieces
  2194 | D:4      | Reached skill level 4 in Polearms
  2194 | D:4      | Gained mutation: You sometimes gain power by taking damage.
                  | [demonic ancestry]
  2194 | D:4      | Reached XP level 5. HP: 38/42 MP: 5/5
  2403 | D:4      | Gained mutation: You have a pair of small horns on your
                  | head. [demonic ancestry]
  2403 | D:4      | Reached XP level 6. HP: 14/48 MP: 6/6
  2544 | D:4      | Identified a scroll of acquirement
  2544 | D:4      | Acquired the ring of Conformity {rPois Dex+3}
  2856 | D:4      | Found a snail-covered altar of Cheibriados.
  2871 | D:4      | Reached skill level 5 in Polearms
  3127 | D:5      | Entered Level 5 of the Dungeon
  3132 | D:5      | Reached *** piety under Trog
  3146 | D:5      | Found a transporter.
  3387 | D:5      | Gained mutation: You are mostly covered in icy blue scales.
                  | (AC +3) [demonic ancestry]
  3387 | D:5      | Reached XP level 7. HP: 54/55 MP: 7/7
  3646 | D:5      | Found a transporter.
  4031 | D:6      | Reached skill level 6 in Polearms
  4052 | D:6      | Found Sengicah's General Store.
  4233 | D:6      | Reached skill level 5 in Fighting
  4233 | D:6      | Gained mutation: You are completely covered in icy blue
                  | scales. (AC +4, rC+) [demonic ancestry]
  4233 | D:6      | Reached XP level 8. HP: 20/62 MP: 8/8
  4595 | D:6      | Identified the +1 short sword "Qyerasen" {flame, rF++}
  4709 | D:6      | Reached skill level 7 in Polearms
  4709 | D:6      | Reached skill level 1 in Stealth
  4719 | D:6      | Reached **** piety under Trog
  4791 | D:6      | Found a staircase to the Ecumenical Temple.
  5166 | D:7      | Found Gelab's Antique Weapon Boutique.
  5801 | D:7      | Reached skill level 8 in Polearms
  5856 | D:7      | Found a shimmering blue altar of Sif Muna.
  5872 | D:7      | Reached XP level 9. HP: 69/69 MP: 9/9
  5989 | D:7      | Reached skill level 5 in Armour
  5996 | D:8      | Noticed an elephant
  6345 | D:8      | Found a staircase to the Lair.
  6373 | D:8      | Gained mutation: Your body sometimes deteriorates upon
                  | taking damage. [potion of mutation]
  6373 | D:8      | Gained mutation: You occasionally lose the ability to read
                  | scrolls when taking damage. [potion of mutation]
  6373 | D:8      | Gained mutation: Your flesh is cold resistant. (rC+)
                  | [potion of mutation]
  6570 | D:8      | Killed an elephant
  6571 | D:8      | Reached skill level 9 in Polearms
  6898 | D:8      | Found Cintevad's Book Emporium.
  7035 | D:8      | Reached ***** piety under Trog
  7216 | D:8      | Gained mutation: You may rarely emit foul miasma when
                  | damaged in melee. [demonic ancestry]
  7216 | D:8      | Reached XP level 10. HP: 79/79 MP: 10/10
  7227 | D:8      | Found a shimmering altar of Xom.
  7722 | Lair:1   | Entered Level 1 of the Lair of Beasts
  7909 | D:8      | Reached skill level 10 in Polearms
  8278 | Lair:1   | Reached skill level 5 in Dodging
  8341 | Lair:1   | Noticed an eight-headed hydra
  8568 | D:9      | Lost mutation: You occasionally lose the ability to read
                  | scrolls when taking damage. [potion of mutation]
  8568 | D:9      | Lost mutation: Your body sometimes deteriorates upon taking
                  | damage. [potion of mutation]
  8568 | D:9      | Lost mutation: Your flesh is cold resistant. (rC+) [potion
                  | of mutation]
  8568 | D:9      | Gained mutation: Your spells are a little harder to cast,
                  | but a little more powerful. [potion of mutation]
  8568 | D:9      | Gained mutation: Your spells are harder to cast, but more
                  | powerful. [potion of mutation]
  8568 | D:9      | Gained mutation: Armour fits poorly on your strangely
                  | shaped body. [potion of mutation]
  8568 | D:9      | Gained mutation: Your movements are slightly less
                  | encumbered by armour. (ER -2) [potion of mutation]
  8574 | D:9      | Found a burning altar of Makhleb.
  8574 | D:9      | Found an ornate altar of the Wu Jian Council.
  8582 | D:9      | Found a faded altar of an unknown god.
  8584 | D:9      | Found a hide-covered altar of Uskayaw.
  8586 | D:9      | Found a faded altar of an unknown god.
  9712 | D:10     | Entered Level 10 of the Dungeon
  9911 | D:10     | Noticed a cyclops
  9912 | D:10     | Identified the +1 chain mail of Xom's Benevolence {rC+
                  | Int+3 Dex+3}
 10068 | D:10     | Killed a cyclops
 10069 | D:10     | Reached XP level 11. HP: 36/87 MP: 11/11
 10318 | D:10     | Identified the -1 pair of gloves "Veipn" {*Corrode +Blink
                  | SInv Stlth+}
 10412 | D:10     | Found a hazy altar of Hepliaklqana.
 10527 | D:10     | Noticed Lodul
 10539 | D:10     | Killed Lodul
 10564 | D:10     | Reached skill level 11 in Polearms
 10566 | D:10     | Found a bloodstained altar of Trog.
 10801 | D:10     | Found a staircase to the Orcish Mines.
 10994 | D:10     | Found a sacrificial altar of Ru.
 11624 | D:11     | Noticed a two-headed ogre
 11724 | D:11     | Noticed Harold
 11733 | D:11     | Killed Harold
 12083 | D:11     | Killed a two-headed ogre
 12450 | Orc:1    | Entered Level 1 of the Orcish Mines
 12450 | Orc:1    | Found a dark tunnel.
 12619 | Orc:1    | Identified the +5 spear of Guile {heavy, rN+} (Trog gifted
                  | it to you on level 1 of the Orcish Mines)
 12619 | Orc:1    | Received a gift from Trog
 12930 | Orc:1    | Noticed an orc sorcerer
 12937 | Orc:1    | Killed an orc sorcerer
 13042 | Orc:2    | Entered Level 2 of the Orcish Mines
 13057 | Orc:2    | Noticed an orc sorcerer
 13072 | Orc:2    | Killed an orc sorcerer
 13413 | Orc:2    | Noticed an orc knight
 13414 | Orc:2    | Noticed Azrael
 13656 | Orc:2    | Noticed an orc knight
 13678 | Orc:1    | Mangled by an orc knight

Illustrated notes

Levels and vault maps discovered:
D:1:      lightli_arrival_quake, layout_rooms, columned_hall_lemuel
D:2:      layout_loops_cross, basic_altar,
          nicolae_concentric_dashed_squares_wild
D:3:      layout_loops_ring, cheibrodos_ashenzari_chains, serial_shops, shop,
          basic_ecumenical_altar, kennysheep_flooded_box, lemuel_flame_loot_1
D:4:      layout_loops_ring, overflow_temple_1_default, slow_altar_2,
          corexii_shack
D:5:      gammafunk_cloud_chamber, layout_loops_ring
D:6:      layout_loops_ring, minmay_temple_entry_large_hall, serial_shops, shop
D:7:      layout_basic, mainiacjoe_overflow_chevrons, serial_shops, shop
D:8:      layout_cave_pools, mainiacjoe_overflow_cross_hatched,
          mainiacjoe_overflow_boulevard, david_lair_generic, serial_gnoll_camp,
          gnoll_camp_mini_shop, gnoll_camp_huts_basic, gnoll_camp_mini_basic,
          gnoll_camp_mini_house, gnoll_camp_mini_loothouse, gnoll_camp_mini_hut
D:9:      layout_loops_corners, chequers_temple_overflow_minitemple
D:10:     layout_basic, grunt_temple_overflow_open,
          mainiacjoe_overflow_tiny_flanked, orc_0_dummy, uniq_lodul
D:11:     layout_basic, serial_glass, glass_columns_a, glass_columns_a,
          minmay_strange_pillars, feat_on_display, uniq_harold
Lair:1:   layout_chaotic_city, serial_bayou_shore_b, serial_bayou_shore_b,
          infiniplex_staircase_pool_2
Orc:1:    layout_caves, enter_volcano_1, nicolae_orc_rockfall
Orc:2:    st_orc_town, layout_caves, bloody_makhleb, uniq_rupert, uniq_azrael,
          uniq_donald

Skill      XL: |  1  2  3  4  5  6  7  8  9 10 11 |
---------------+----------------------------------+-----
Polearms       | 3 4 5 6 8 9 10 11 | 11.6
Dodging        | 2 3 4 5 6 |  6.4
Armour         | 2 3 4 6 7 9 |  9.5
Fighting       | 4 5 6 7 8 9 |  9.3
Stealth        | 1 2 |  2.4

Action                     |  1- 3 |  4- 6 |  7- 9 | 10-12 || total
---------------------------+-------+-------+-------+-------++-------
  Melee: Spear             |   140 |   237 |   612 |   603 ||  1592
         Punch             |     2 |     2 |    16 |    14 ||    34
         Headbutt          |       |    16 |   145 |   160 ||   321
    Use: Scroll            |     6 |     4 |     6 |     6 ||    22
         Potion            |     4 |     5 |     4 |     5 ||    18
 Armour: Animal skin       |    21 |       |       |       ||    21
         Leather armour    |    56 |    34 |       |       ||    90
         Chain mail        |       |   144 |   473 |   504 ||  1121
  Dodge: Dodged            |    83 |   161 |   306 |   527 ||  1077

Table legend: (Time is in decaauts)
 A = Elapsed time spent in this place.
 B = Non-inter-level travel time spent in this place.
 C = Inter-level travel time spent in this place.
 D = Time resting spent in this place.
 E = Time spent auto-exploring this place.
 F = Levels seen in this place.
 G = Mean time per level.
                   A        B        C        D        E       F      G
               +--------+--------+--------+--------+--------+-----+--------+
         Total |  14022 |  13563 |    459 |   1957 |   7914 |  14 | 1001.6 |
       Dungeon |  12488 |  12039 |    449 |   1518 |   7309 |  11 | 1135.3 |
          Lair |    280 |    280 |      0 |      0 |     73 |   1 |  280.0 |
  Orcish Mines |   1254 |   1245 |      9 |    439 |    531 |   2 |  627.0 |
               +--------+--------+--------+--------+--------+-----+--------+

Top non-repeatable levels by time:
     D:8: 2086 daAuts
     D:9: 1566 daAuts
    D:10: 1509 daAuts
     D:6: 1187 daAuts
     D:7: 1037 daAuts
    D:11: 1022 daAuts
     D:4: 994 daAuts
     D:5: 912 daAuts
   Orc:1: 832 daAuts
     D:2: 757 daAuts
     D:1: 734 daAuts
     D:3: 681 daAuts
   Orc:2: 421 daAuts
  Lair:1: 280 daAuts
